cohdb
Replays
Latest Replays
All Replays
Popular Replays
Top Player Replays
Match Explorer
How It Works
Community
CoH3 Stats
Reddit
Sign in to upload your games and track your stats! →
Sign in with Steam
Is US meta still OP?
Match 10029641
Overview
Messages
Build Orders
End
Engineer Squad
Construct Barracks
Selects Armored Battlegroup
Selects Veteran Crews
1⁄4-ton 4x4 Truck
Riflemen Squad
Riflemen Squad
Riflemen Squad
Infantry Support Center
Selects M31 Recovery Vehicle
Construct Medical Station
Advanced Logisitcs
M1918 Browing Automatic Rifles
Grenade Package
M1 Mortar Team
Construct Motor Pool
Selects War Machine
M8 Greyhound Armored Car
Selects Strength in Steel
M1 Anti-tank Gun Team
Riflemen Squad
Riflemen Squad
Survival Training
M8 Greyhound Armored Car
Riflemen Squad
Selects M8 Scott SPG
Selects M4A3E8 Sherman Combat Group
M4A3E8 Sherman Combat Group
Riflemen Squad
Riflemen Squad
Herr Blautier
Barry Chuckle
0
0
Comments
sign in to comment!
No comments posted yet!